 Dungeon Crawl Stone Soup version 0.31.0-12-g77e489cdc1 (webtiles) character file.

Game seed: 1628700252130190015

673 mopl the Insei (level 7, -2/46 HPs)
             Began as an Octopode Shapeshifter on Feb 11, 2024.
             Splashed by a jelly's acid (8 damage)
             ... on level 5 of the Dungeon.
             The game lasted 00:04:30 (3427 turns).

mopl the Insei (Octopode Shapeshifter)              Turns: 3427, Time: 00:04:32

Health: -2/46      AC: -3    Str: 13    XL:     7   Next: 59%
Magic:  7/7        EV: 15    Int: 13    God:
Gold:   349        SH:  0    Dex: 19    Spells: 6/6 levels left

rFire   . .          .
                       - Unarmed
rCold   . . .        (no shield)
rNeg    . . .        (helmet currently unavailable)
rPois   .            e - amulet of faith
rElec   .            l - ring of willpower
rCorr   .            y - +6 ring of dexterity
SInv    .            (no ring)
Will    +....        (no ring)
Stlth   +++          (no ring)
HPRegen 0.27/turn    (no ring)
MPRegen 0.10/turn    (no ring)
                     (no ring)

%: faith
@: beast-form, corroded
A: beast (slay +3), almost no armour, amphibious, 8 rings, camouflage 1,
gelatinous body 1, (nimble swimmer 1), tentacles
a: Begin Untransformation


You were on level 5 of the Dungeon.
You were a hulking beast.
You visited 1 branch of the dungeon, and saw 5 of its levels.

You collected 349 gold pieces.

Inventory:

Missiles
 d - 4 javelins (quivered)
 g - 6 boomerangs
 h - 4 atropa-tipped darts
 u - 4 poisoned darts
Armour
 n - a +0 buckler
Jewellery
 e - an amulet of faith (around mantle)
 l - a ring of willpower (left tentacle)
 y - a +6 ring of dexterity (right tentacle)
Talismans
 b - a beast talisman
 c - a flux talisman
 o - a maw talisman
 q - a blade talisman
Scrolls
 f - 2 scrolls of blinking {unknown}
 j - a scroll of identify {unknown}
 p - a scroll of noise {unknown}
 r - a scroll of poison {unknown}
 s - a scroll of teleportation {unknown}
 v - a scroll of acquirement {unknown}
 x - a scroll of brand weapon {unknown}
Potions
 a - a potion of lignification
 i - a potion of might {unknown}
 k - a potion of degeneration {unknown}
 m - 2 potions of heal wounds {unknown}
 t - 2 potions of curing {unknown}
 w - a potion of haste {unknown}
 z - a potion of mutation {unknown}
 A - a potion of enlightenment {unknown}


   Skills:
 + Level 3.0 Fighting
 + Level 3.7 Dodging
 * Level 5.5 Unarmed Combat
 * Level 5.3 Shapeshifting


You had 6 spell levels left.
You didn't know any spells.
Your spell library contained the following spells:

 Spells                   Type           Power      Damage    Failure   Level
 Cigotuvi's Dreadful Rot  Necr/Alch/Air  0%         N/A       43%         2
 Inner Flame              Hex/Fire       0%         N/A       67%         3
 Flame Wave               Conj/Fire      0%         2d4       97%         4
 Ignite Poison            Fire/Alch      0%         N/A       97%         4
 Sticky Flame             Fire/Alch      0%         2d4       97%         4
 Freezing Cloud           Conj/Ice/Air   0%         6-21      100%        5


Dungeon Overview and Level Annotations

Branches:
Dungeon (5/15)
 Temple: D:4-7

Altars:
Qazlal
Wu Jian
Yredelemnul

Annotations:
D:3 1 runed translucent door, fluffyota's ghost, amateur DsIE
D:4 2 transporters, Colokkon's ghost, amateur AtBe


Innate Abilities, Weirdness & Mutations

You are a hulking beast.
Your limbs bulge with bestial killing power. (Slay +3)
You cannot wear most types of armour.
You are amphibious.
You can wear up to eight rings at the same time.
Your skin changes colour to match your surroundings (Stealth+).
Your rubbery body absorbs attacks. (AC +1, EV +1)
((You are camouflaged when in or above water. (Stealth+)))
You have tentacles for arms and can constrict up to eight enemies at once.


Message History

You tentacle-slap the sleepcap but do no damage.
You squeeze the sleepcap.
The sleepcap is severely damaged.
You constrict the sleepcap. The sleepcap closely misses you.
You bludgeon the sleepcap!
You destroy the sleepcap!
You barely miss the orc. You grab the orc. You squeeze the orc!
You kill the orc!
The jelly jiggles.
There is an open door here.
You close the door.
You start resting.
You hear a slurping noise.
The jelly eats the door!
Okay, then.
Okay, then.
There's something in the way.
Unknown command.
You tentacle-slap the jelly. The acid corrodes you!
Your tentacles burn!
* * * LOW HITPOINT WARNING * * *
You squeeze the jelly.
The jelly is moderately wounded.
The jelly barely misses you.
You barely miss the jelly. You squeeze the jelly.
The jelly is heavily wounded.
The jelly closely misses you.
You tentacle-slap the jelly but do no damage.
Your tentacles burn!
* * * LOW HITPOINT WARNING * * *
You tentacle-slap the jelly, but do no damage.
The jelly is heavily wounded.
The jelly misses you.
You tentacle-slap the jelly but do no damage.
Your tentacles burn!
* * * LOW HITPOINT WARNING * * *
The jelly is heavily wounded.
The jelly hits you.
* * * LOW HITPOINT WARNING * * *
You are splashed with acid!
You die...

..# #. ..# #. ..### #. ....## #.
.....# #.# #. .....# ########...#
#. .....# +...s.$.J.# #. ..####
####J####.... #. ..### ##h...## .
#. ....# ##......## #.
....##########..#..#..# #####.
....#........#...##...# #.....
..#########..#...##...# #.....
#####....##..#..#..#..# #.....
..........#..##......## #.....
..........#...##....########.....
..........#...###''##........####


You could see a scorpion and a jelly.

Vanquished Creatures
  Eustachio (D:4)
  A black bear (D:4)
  2 scorpions (D:4)
  An orc priest (D:5)
  2 sleepcaps (D:5)
  An orc wizard (D:5)
  A gnoll (D:1)
  8 adders
  2 ufetubi (D:5)
  4 ribbon worms
  2 dart slugs
  12 orcs
  3 bats
  8 endoplasms
  A giant cockroach (D:2)
  6 goblins
  10 hobgoblins
  6 jackals
  4 quokkas
  6 ball pythons
  3 frilled lizards
  14 kobolds
  2 rats
100 creatures vanquished.

Notes
Turn   | Place    | Note
-------+----------+-------------------------------------------
     0 | D:1      | mopl the Octopode Shapeshifter began the quest for the Orb.
     0 | D:1      | Reached XP level 1. HP: 13/13 MP: 1/1
    80 | D:1      | Reached XP level 2. HP: 10/18 MP: 2/2
   221 | D:1      | Reached XP level 3. HP: 6/23 MP: 3/3
   717 | D:2      | Reached XP level 4. HP: 17/28 MP: 4/4
  1620 | D:3      | Noticed fluffyota's ghost (amateur DsIE)
  1632 | D:3      | Found a runed translucent door.
  1691 | D:3      | Reached XP level 5. HP: 30/34 MP: 5/5
  2206 | D:4      | Found a transporter.
  2209 | D:4      | Noticed Colokkon's ghost (amateur AtBe)
  2235 | D:4      | Noticed Eustachio
  2249 | D:4      | Killed Eustachio
  2250 | D:4      | Reached XP level 6. HP: 4/40 MP: 6/6
  2407 | D:4      | Found a transporter.
  2455 | D:4      | Found a stormy altar of Qazlal.
  2571 | D:5      | Entered Level 5 of the Dungeon
  2997 | D:5      | Noticed a black bear
  3012 | D:4      | Reached skill level 5 in Unarmed Combat
  3012 | D:4      | Reached XP level 7. HP: 39/45 MP: 7/7
  3047 | D:4      | Reached skill level 5 in Shapeshifting
  3221 | D:5      | Found an ornate altar of the Wu Jian Council.
  3322 | D:5      | Found a basalt altar of Yredelemnul.
  3427 | D:5      | Splashed by a jelly's acid

Illustrated notes

Levels and vault maps discovered:
D:1:      psy_arrival_dodecagon, layout_rooms
D:2:      layout_loops_corners, corexii_shack
D:3:      layout_rooms, hellmonk_ghost_happy_afterlife
D:4:      layout_rooms, nicolae_qazlal_general_emergency,
          gammafunk_ghost_mausoleum, uniq_eustachio
D:5:      minmay_polygon_palace, layout_gridville, lemuel_crystal_altar,
          amcnicky_altar_gilded

Skill      XL: |  1  2  3  4  5  6  7 |
---------------+----------------------+-----
Unarmed Combat | 4 5 |  5.5
Shapeshifting  | 4 5 |  5.3
Fighting       | 2 3 |  3.0
Dodging        | 3 |  3.7

Action                     |  1- 3 |  4- 6 |  7- 9 || total
---------------------------+-------+-------+-------++-------
  Melee: Unarmed           |    74 |   114 |    29 ||   217
         Constrict         |    19 |    33 |     7 ||    59
         Tentacles         |    14 |    24 |    10 ||    48
         Punch             |     3 |     3 |     1 ||     7
    Use: Potion            |       |       |     1 ||     1
   Stab: Sleeping          |     5 |     8 |     1 ||    14
 Armour: Skin              |    28 |    47 |    30 ||   105
  Dodge: Dodged            |    41 |    95 |    22 ||   158
